 Dungeon Crawl Stone Soup version 0.28.0-45-g0d030f2227 (webtiles) character file.

Game seed: 5679174481341465061

5870 101zpm the Thaumaturge (level 11, -1/69 HPs)
             Began as a Djinni Ice Elementalist on Apr 15, 2022.
             Was a Believer of Fedhas.
             Killed by divine providence
             ... invoked by an orc priest
              (15 damage)
             ... on level 10 of the Dungeon.
             The game lasted 01:03:57 (15477 turns).

101zpm the Thaumaturge (Djinni Ice Elementalist)   Turns: 15477, Time: 01:03:59

Health: -1/69      AC: 12    Str: 21    XL:     11   Next: 8%
Gold:   153        EV: 14    Int: 22    God:    Fedhas [**....] SH:  0 Dex: 15

rFire   + + .      SeeInvis .   r - +11 mace of Pride {drain, Str+4}
rCold   x . .      Faith    .   (no shield)
rNeg    + . .      Spirit   .   a - +0 robe
rPois   ∞          Reflect  .   (no helmet)
rElec   .          Harm     .   q - scarf {repulsion}
rCorr   .          Rampage  .   D - +0 pair of gloves of the Flute {rPois Will+ Str+4 Int+2}
Will    +++++      Clarity  +   (boots unavailable)
Stlth   ++........              t - amulet of the Four Winds {rN+ Will+++ Clar}
HPRegen 0.21/turn               e - +6 ring of strength
MPRegen 0.00/turn               i - +4 ring of slaying

@: ice-armoured, freezing walls, flying, repel missiles
A: sickness immunity, fire resistance 2, cold vulnerability 1, float, innate
caster, HP casting, extra vitality 1
a: Renounce Religion, Wall of Briars


You were on level 10 of the Dungeon.
You worshipped Fedhas.
Fedhas was pleased with you.
You visited 2 branches of the dungeon, and saw 11 of its levels.

You collected 404 gold pieces.
You spent 251 gold pieces at shops.

Inventory:

Hand Weapons
 r - the +11 mace of Pride (weapon) {drain, Str+4}
   (You found it on level 3 of the Dungeon)

   A truly terrible weapon, it drains the life of any living foe it strikes.
   Str:       It affects your strength (+4).
Missiles
 b - 214 stones (quivered)
 c - 8 poisoned darts
 l - 23 sling bullets
 M - 3 curare-tipped darts
Armour
 a - a +0 robe (worn)
 q - a scarf of repulsion (worn)
 x - a scarf of resistance
 D - the +0 pair of gloves of the Flute (worn) {rPois Will+ Str+4 Int+2}
   (You bought it in a shop on level 3 of the Dungeon)

   Str:       It affects your strength (+4).
   Int:       It affects your intelligence (+2).
   rPois:     It protects you from poison.
   Will:      It increases your willpower.
Jewellery
 e - a +6 ring of strength (left hand)
 i - a +4 ring of slaying (right hand)
 t - the amulet of the Four Winds (around neck) {rN+ Will+++ Clar}
   (You took it off a kobold on level 4 of the Dungeon)

   [amulet of nothing]

   rN:        It protects you from negative energy.
   Clar:      It protects you against confusion.
   Will:      It greatly increases your willpower.
 v - an amulet of reflection
Wands
 G - a wand of flame (24)
 L - a wand of acid (6)
Scrolls
 f - a scroll of fog {unknown}
 g - 3 scrolls of fear
 j - a scroll of torment {unknown}
 m - 3 scrolls of immolation
 n - a scroll of amnesia {unknown}
 p - a scroll of silence {unknown}
 w - a scroll of holy word {unknown}
 y - a scroll of enchant weapon {unknown}
 A - a scroll of identify
 C - 3 scrolls of teleportation
 E - a scroll of magic mapping
 F - 2 scrolls of noise
 I - a scroll of enchant armour {unknown}
 J - 3 scrolls of vulnerability
Potions
 d - 2 potions of mutation {unknown}
 h - a potion of lignification {unknown}
 k - a potion of magic {unknown}
 o - a potion of cancellation {unknown}
 s - 2 potions of attraction {unknown}
 u - 3 potions of ambrosia
 z - a potion of heal wounds {unknown}
 B - 2 potions of curing
 H - a potion of might {unknown}
 K - a potion of berserk rage {unknown}
 N - a potion of brilliance {unknown}


   Skills:
 + Level 2.5 Fighting
 + Level 4.0 Maces & Flails
 + Level 1.2 Throwing
 + Level 5.0 Dodging
 + Level 3.2 Stealth
 + Level 11.1 Spellcasting


You had 8 spell levels left.
You knew the following spells:

 Your Spells              Type           Power      Damage    Failure   Level
a - Freeze                Ice            100%       1d11      1%          1
b - Frozen Ramparts       Ice            100%       1d12      1%          3
c - Ozocubu's Armour      Ice            57%        N/A       1%          3
d - Hailstorm             Conj/Ice       57%        3d12      1%          4
e - Pain                  Necr           100%       1d9       1%          1
f - Wereblood             Tmut           57%        N/A       1%          2
g - Tukima's Dance        Hex            57%        N/A       1%          3
h - Lesser Beckoning      Tloc           57%        N/A       1%          3
i - Cause Fear            Hex            28%        N/A       1%          4
Your spell library was empty.

Dungeon Overview and Level Annotations

Branches:
Dungeon (9/15)               Lair (1/6) D:8
 Temple: D:4-7          Orc: D:9-12

Altars:
Dithmenos
Fedhas
Hepliaklqana
Kikubaaqudgha
Makhleb
Okawaru
Sif Muna
Trog
Uskayaw
Wu Jian

Shops:
D:3 [   D:6 [?

Annotations:
D:7 2 runed translucent doors, Crazy Yiuf; Tali's ghost, novice DsBe
Lair:1 Gastronok


Innate Abilities, Weirdness & Mutations

You are immune to sickness and miasma.
You are immune to poison.
Your flesh is very heat resistant. (rF++)
You are vulnerable to cold. (rC-)
You float through the air rather than walking.
You learn spells naturally, not from books.
Your magical power is your life essence.
You have superior vitality. (+4 MHP)


Message History

Aim: an orc priest, wielding a +0 dagger (chance to affect: 74%)
The orc priest struggles to resist.
Casting: Tukima's Dance (safe; 1% risk of failure)
Confirm with . or Enter, or press ? or * to list all spells.
Aiming: Tukima's Dance (safe; 1% risk of failure)
Press: ? - help, Shift-Dir - straight line, f/p - orc priest
Aim: an orc priest, wielding a +0 dagger (chance to affect: 74%)
Okay, then.
Unknown command.
The wall freezes the howler monkey.
The wall freezes the orc!
You kill the orc!
Fedhas appreciates your contribution to the ecosystem.
The wall freezes the howler monkey.
The howler monkey hits you but does no damage.
Casting: Tukima's Dance (safe; 1% risk of failure)
Confirm with . or Enter, or press ? or * to list all spells.
Aiming: Tukima's Dance (safe; 1% risk of failure)
Press: ? - help, Shift-Dir - straight line, f - orc warrior
Aim: an orc warrior, wielding a +0 glaive and wearing a +0 plate armour (chance to affect: 74%)
The +0 glaive dances into the air!
The wall freezes the howler monkey!
You kill the howler monkey!
Fedhas appreciates your contribution to the ecosystem.
The wall freezes the orc warrior.
You barely miss the orc warrior.
The orc warrior is lightly wounded.
The wall freezes the orc warrior.
The orc warrior hits you!
* * * LOW HITPOINT WARNING * * *
You hit the orc warrior. You drain the orc warrior.
The orc warrior is heavily wounded.
The wall freezes the orc warrior.
The orc warrior barely misses you.
Your +0 glaive hits the orc warrior but does no damage.
You bludgeon the orc warrior!!
You kill the orc warrior!
Fedhas appreciates your contribution to the ecosystem.
The wall freezes the orc priest.
The orc priest mumbles some strange prayers to Beogh against you.
Beogh smites you!
You die...
Fedhas appreciates your contribution to the ecosystem.

.. .. ...#. .###.
.... .... ...# ..
... ...# #.# #..
...##..#
#####..#......## .
..........)....##..
#†##..#......
#@[o.##.....#
#.#[.........
###(.).........
......).†.......
#...#............
###..............
#.#............
#.#............
.....<.........


You could see an orc priest and a friendly +0 glaive.

Vanquished Creatures
  2 two-headed ogres
  Pikel (D:7)
  Joseph (D:7)
  A kobold demonologist (D:10)
  A komodo dragon (D:7)
  A troll (D:9)
  A wyvern (D:9)
  2 orc warriors
  2 ice beasts
  A necrophage (D:5)
  3 ogres
  A centaur (D:5)
  2 lemures (D:7)
  2 phantoms
  5 kobold brigands
  3 bullfrogs
  2 scorpions
  A gnoll sergeant (D:8)
  A water moccasin zombie (D:5)
  A wight (D:8)
  2 howler monkeys
  5 centaur zombies
  4 jellies (D:6)
  5 hounds
  3 orc priests
  3 bullfrog skeletons
  2 iguanas (D:5)
  Natasha (thrice) (D:2)
  5 orc wizards
  A killer bee zombie (D:7)
  A hound zombie (D:5)
  4 gnolls (D:6)
  5 adders
  A shadow imp (D:7)
  An ufetubus (D:5)
  2 adder skeletons (D:4)
  5 worms
  2 dart slugs
  17 orcs
  6 ball pythons
  3 bats
  8 endoplasms
  2 giant cockroaches
  7 goblins
  5 hobgoblins
  7 jackals (D:1)
  3 quokkas
  4 frilled lizards
  8 kobolds
  4 rats
162 creatures vanquished.

Vanquished Creatures (collateral kills)
  2 wights (D:8)
  An orc priest (D:8)
  A gnoll shaman (D:6)
  An orc wizard (D:5)
  A gnoll (D:6)
  An orc (D:5)
  5 kobolds
12 creatures vanquished.

Vanquished Creatures (others)
  7 dancing weapons
  A kobold (D:8)
  A bush (Lair:1)
  5 fungi (Lair:1)
  6 plants (Lair:1)
20 creatures vanquished.

Grand Total: 194 creatures vanquished

Notes
Turn   | Place    | Note
-------+----------+-------------------------------------------
     0 | D:1      | 101zpm the Djinni Ice Elementalist began the quest for the
                  | Orb.
     0 | D:1      | Reached XP level 1. HP: 15/15 MP: 0/0
   186 | D:1      | Reached XP level 2. HP: 20/21 MP: 0/0
   750 | D:1      | Reached XP level 3. HP: 23/25 MP: 0/0
   750 | D:1      | Learned a level 1 spell: Pain
   951 | D:2      | Noticed Natasha
   959 | D:2      | Killed Natasha
   960 | D:2      | Reached skill level 4 in Spellcasting
   960 | D:2      | Reached XP level 4. HP: 26/31 MP: 0/0
  1122 | D:3      | Found a burning altar of Makhleb.
  1299 | D:2      | Noticed Natasha
  1309 | D:2      | Killed Natasha
  1527 | D:2      | Reached XP level 5. HP: 24/35 MP: 0/0
  1527 | D:2      | Learned a level 2 spell: Wereblood
  1679 | D:2      | Noticed Natasha
  1691 | D:2      | Killed Natasha
  2120 | D:3      | Found a bloodstained altar of Trog.
  2154 | D:3      | Found Ezxoixaca's Antique Armour Shoppe.
  2171 | D:3      | Found an ornate altar of the Wu Jian Council.
  2222 | D:3      | Identified the +11 mace of Pride {drain, Str+4}
  3231 | D:4      | Reached XP level 6. HP: 28/41 MP: 0/0
  3343 | D:4      | Reached skill level 5 in Spellcasting
  3627 | D:4      | Found an iron altar of Okawaru.
  3663 | D:4      | Reached skill level 1 in Throwing
  3817 | D:4      | Noticed an ogre
  3825 | D:4      | Killed an ogre
  3826 | D:4      | Reached skill level 1 in Maces & Flails
  4084 | D:4      | Reached XP level 7. HP: 27/46 MP: 0/0
  4084 | D:4      | Learned a level 3 spell: Tukima's Dance
  4707 | D:4      | Reached skill level 6 in Spellcasting
  4737 | D:5      | Entered Level 5 of the Dungeon
  4860 | D:5      | Reached XP level 8. HP: 16/51 MP: 0/0
  5427 | D:6      | Found Xoosiaza's Magic Scroll Shoppe.
  5595 | D:6      | Found Zydooh's Antique Armour Boutique.
  5965 | D:5      | Found a blossoming altar of Fedhas.
  5979 | D:5      | Reached skill level 1 in Fighting
  5982 | D:5      | Reached skill level 7 in Spellcasting
  6246 | D:5      | Became a worshipper of Fedhas Madash
  6479 | D:5      | Reached XP level 9. HP: 33/57 MP: 0/0
  6479 | D:5      | Learned a level 3 spell: Lesser Beckoning
  6812 | D:3      | Bought a pair of ancient gloves for 199 gold pieces
  6812 | D:3      | Identified the +0 pair of gloves of the Flute {rPois Will+
                  | Str+4 Int+2} (You bought it in a shop on level 3 of the
                  | Dungeon)
  7218 | D:6      | Bought a scroll of magic mapping for 52 gold pieces
  7317 | D:6      | Reached * piety under Fedhas
  8054 | D:6      | Found a hide-covered altar of Uskayaw.
  8073 | D:6      | Reached skill level 8 in Spellcasting
  8788 | D:7      | Noticed Pikel
  8797 | D:7      | Killed Pikel
  9058 | D:7      | Noticed a komodo dragon
  9062 | D:7      | Killed a komodo dragon
  9063 | D:7      | Reached skill level 9 in Spellcasting
  9170 | D:7      | Noticed a five-headed hydra
  9517 | D:7      | Noticed Joseph
  9607 | D:6      | Reached XP level 10. HP: 22/64 MP: 0/0
 10257 | D:7      | Found a runed translucent door.
 10258 | D:7      | Noticed Crazy Yiuf
 10331 | D:7      | Found a runed translucent door.
 10331 | D:7      | Noticed Tali's ghost (novice DsBe)
 10906 | D:7      | Found a hazy altar of Hepliaklqana.
 10952 | D:7      | Killed Joseph
 12000 | D:8      | Found a staircase to the Lair.
 12025 | D:8      | Found a shadowy altar of Dithmenos.
 12381 | D:8      | Noticed a two-headed ogre
 12390 | D:8      | Killed a two-headed ogre
 12391 | D:8      | Reached skill level 10 in Spellcasting
 12947 | Lair:1   | Entered Level 1 of the Lair of Beasts
 13925 | Lair:1   | Noticed Gastronok
 15048 | D:9      | Noticed a two-headed ogre
 15055 | D:9      | Killed a two-headed ogre
 15056 | D:9      | Reached skill level 5 in Dodging
 15373 | D:9      | You are sucked into a shaft and drop 1 floor!
 15373 | D:10     | Entered Level 10 of the Dungeon
 15381 | D:10     | Noticed a kobold demonologist
 15391 | D:10     | Reached ** piety under Fedhas
 15395 | D:10     | Reached XP level 11. HP: 28/69 MP: 0/0
 15395 | D:10     | Learned a level 4 spell: Cause Fear
 15398 | D:10     | Reached skill level 11 in Spellcasting
 15477 | D:10     | Killed from afar by an orc priest

Illustrated notes

Levels and vault maps discovered:
D:1:      dpeg_arrival_three_same_balls, layout_basic,
          ebering_ecumenical_altar_webs, serial_glass, glass_columns_b,
          glass_columns_a
D:2:      layout_loops_ring, uniq_natasha
D:3:      layout_basic, mainiacjoe_overflow_catwalk,
          mainiacjoe_overflow_tiny_flanked, mainiacjoe_overflow_24_doors,
          serial_shops, nicolae_shop_waterfront
D:4:      layout_rooms, okawaru_gym_becter, kennysheep_generic_room_13
D:5:      layout_rooms, fedhas_bush_and_centaur_altar, minmay_stone_trees_small,
          kennysheep_cross_room
D:6:      layout_gridville, mainiacjoe_overflow_alcove_1, kennysheep_mini,
          lemuel_blue_sif_altar, serial_shops, nicolae_inconvenience_store,
          nicolae_shop_hallway_plus
D:7:      layout_cave_pods, mainiacjoe_overflow_alcove_2,
          minmay_temple_entry_fiery, hellmonk_ghost_happy_afterlife,
          minmay_manual_monolith, uniq_joseph, uniq_prince_ribbit1,
          uniq_crazy_yiuf_cottage, uniq_pikel
D:8:      layout_rooms, nicolae_dithmenos_through_a_glass_darkly,
          lair_entry_dummy, kennysheep_generic_room_6
D:9:      layout_rooms, nemelex_xobeh_ov_fountains_minmay, nrook_campfire
D:10:     layout_rooms, mainiacjoe_overflow_surrounded_room
Lair:1:   layout_regular_city, uniq_gastronok

Skill      XL: |  1  2  3  4  5  6  7  8  9 10 11 |
---------------+----------------------------------+-----
Spellcasting   | 4 5 6 7 9 10 11 | 11.1
Throwing       | 1 |  1.2
Dodging        | 3 4 5 |  5.0
Maces & Flails | 1 2 3 4 |  4.0
Stealth        | 2 3 |  3.2
Fighting       | 1 2 |  2.5

Action                   |  1- 3 |  4- 6 |  7- 9 | 10-12 || total
-------------------------+-------+-------+-------+-------++-------
Melee: Unarmed           |     2 |       |       |       ||     2
       Mace              |       |    24 |    67 |    39 ||   130
Throw: Stone             |    18 |     6 |       |       ||    24
       Dart              |     4 |    10 |       |       ||    14
 Cast: Freeze            |    30 |    25 |    14 |     4 ||    73
       Frozen Ramparts   |     1 |    20 |    27 |    23 ||    71
       Pain              |       |    17 |    46 |    24 ||    87
       Ozocubu's Armour  |       |     5 |    16 |    16 ||    37
       Tukima's Dance    |       |       |    16 |    20 ||    36
       Wereblood         |       |       |     3 |     7 ||    10
       Hailstorm         |       |       |     2 |     3 ||     5
       Lesser Beckoning  |       |       |       |     1 ||     1
       Cause Fear        |       |       |       |     2 ||     2
  Use: Scroll            |       |       |       |     7 ||     7
 Stab: Sleeping          |       |       |     1 |       ||     1
Armor: Robe              |    10 |     3 |    29 |    25 ||    67
Dodge: Dodged            |    20 |    45 |    71 |    68 ||   204
       Repelled          |       |       |     1 |     2 ||     3
